 Dungeon Crawl Stone Soup version 0.30.0 (webtiles) character file.

Game seed: 1771251519540610208

95 jimonade the Slasher (level 4, -1/24 HPs)
             Began as a Vine Stalker Monk on May 7, 2023.
             Slain by Ijyb
             ... wielding a +0 club
              (5 damage)
             ... on level 3 of the Dungeon.
             The game lasted 00:02:44 (1720 turns).

jimonade the Slasher (Vine Stalker Monk)            Turns: 1720, Time: 00:02:45

Health: -1/24      AC:  6    Str: 14    XL:     4   Next: 66%
Magic:  0/5        EV: 10    Int: 10    God:
Gold:   148        SH:  5    Dex: 18    Spells: 3/3 levels left

rFire   . . .        a - +0 falchion
rCold   . . .        d - orb {light}
rNeg    . . .        m - +0 scale mail
rPois   .            (no helmet)
rElec   .            (no cloak)
rCorr   .            (no gloves)
SInv    .            (no boots)
Will    .....        k - amulet of reflection Stlth
                     (no ring)
HPRegen 1.04/turn    (no ring)
MPRegen 0.09/turn

%: reflection, guardian spirit
@: glowing
A: fangs 2, regeneration 1, magic shield, antimagic bite, no potion heal 2
a: no special abilities


You were on level 3 of the Dungeon.
You visited 1 branch of the dungeon, and saw 3 of its levels.

You collected 148 gold pieces.

Inventory:

Hand Weapons
 a - a +0 falchion (weapon)
Missiles
 g - 27 stones (quivered)
Armour
 b - a +0 robe
 d - an orb of light (worn)
 l - a +0 leather armour
 m - a +0 scale mail (worn)
 n - a +0 ring mail
Jewellery
 f - an amulet of magic regeneration
 k - an amulet of reflection (around neck)
 t - a ring of protection from cold
Wands
 w - a wand of flame (23)
Scrolls
 e - 4 scrolls of fear {unknown}
 h - 2 scrolls of fog {unknown}
 j - 3 scrolls of identify {unknown}
 p - 3 scrolls of amnesia {unknown}
 r - a scroll of teleportation {unknown}
 u - 2 scrolls of enchant armour {unknown}
 x - a scroll of torment {unknown}
Potions
 c - a potion of ambrosia
 i - a potion of cancellation {unknown}
 o - 2 potions of curing {unknown}
 q - 2 potions of might {unknown}
 s - a potion of mutation {unknown}
 v - a potion of attraction {unknown}
 z - a potion of haste {unknown}


   Skills:
 + Level 3.2 Fighting
 + Level 3.7 Long Blades
 + Level 0.2 Armour
 + Level 3.2 Dodging


You had 3 spell levels left.
You didn't know any spells.
Your spell library was empty.

Dungeon Overview and Level Annotations

Branches:
Dungeon (3/15)

Altars:
Vehumet

Annotations:
D:3 Ijyb


Innate Abilities, Weirdness & Mutations

You have extremely sharp teeth.
Your natural rate of healing is unusually fast.
When hurt, damage is shared between your health and your magic reserves.
Your bite disrupts and absorbs the magic of your enemies.
Potions cannot restore your health.


Message History

Ijyb hits you with a +0 club. Ijyb closely misses you.
You barely miss Ijyb.
Ijyb is heavily wounded.
Ijyb zaps a wand.
The puff of flame hits you.
You hit Ijyb. Your bite misses Ijyb.
Ijyb is severely wounded.
Ijyb zaps a wand.
The puff of flame hits you.
You hit Ijyb but do no damage.
Ijyb is severely wounded.
Ijyb hits you with a +0 club.
You hit Ijyb. You bite Ijyb, but do no damage.
Ijyb is severely wounded.
Ijyb hits you with a +0 club.
* * * LOW HITPOINT WARNING * * *
You hit Ijyb but do no damage.
Ijyb is severely wounded.
Ijyb zaps a wand.
The puff of flame hits you.
* * * LOW HITPOINT WARNING * * *
You hit Ijyb. Your bite misses Ijyb.
Ijyb is almost dead.
Ijyb misses you.
You barely miss Ijyb. Your bite misses Ijyb.
Ijyb is almost dead.
Ijyb barely misses you.
You hit Ijyb but do no damage.
Ijyb is almost dead.
Ijyb zaps a wand.
The puff of flame hits you.
* * * LOW HITPOINT WARNING * * *
Ijyb hits you but does no damage.
You closely miss Ijyb. Your bite misses Ijyb.
Ijyb is almost dead.
Ijyb hits you but does no damage.
You closely miss Ijyb. You bite Ijyb, but do no damage.
Ijyb is almost dead.
Ijyb hits you with a +0 club.
* * * LOW HITPOINT WARNING * * *
You barely miss Ijyb.
Ijyb is almost dead.
Ijyb hits you with a +0 club.
You die...

### #.#
################.#
.................#
################.#
.... #.# #### #.#
#.# #@# ......g.#
##################
..........#
##........#
#........#
#........#
#........#
#........#


You could see Ijyb.

Vanquished Creatures
  Jessica (D:3)
  A gnoll (D:1)
  An adder (D:2)
  2 worms (D:2)
  5 ball pythons
  3 endoplasms
  2 giant cockroaches
  4 goblins
  5 hobgoblins
  8 kobolds
  6 bats
  3 frilled lizards
  5 rats
46 creatures vanquished.

Notes
Turn   | Place    | Note
-------+----------+-------------------------------------------
     0 | D:1      | jimonade the Vine Stalker Monk began the quest for the Orb.
     0 | D:1      | Reached XP level 1. HP: 11/11 MP: 2/2
    58 | D:1      | Reached XP level 2. HP: 16/16 MP: 3/3
   237 | D:1      | Reached XP level 3. HP: 3/20 MP: 1/4
  1231 | D:2      | Gained mutation: Your natural rate of healing is unusually
                  | fast. [Vine Stalker growth]
  1231 | D:2      | Reached XP level 4. HP: 12/24 MP: 3/5
  1350 | D:3      | Noticed Jessica
  1358 | D:3      | Killed Jessica
  1548 | D:3      | Found a radiant altar of Vehumet.
  1699 | D:3      | Noticed Ijyb
  1720 | D:3      | Slain by Ijyb

Illustrated notes

Levels and vault maps discovered:
D:1:      ncdulo_watergridlock, layout_rooms
D:2:      layout_loops_ring
D:3:      layout_basic, vehumet_altar_wand_db, uniq_ijyb, uniq_jessica,
          uniq_grinder

Skill      XL: |  1  2  3  4 |
---------------+-------------+-----
Long Blades    | 3 |  3.7
Fighting       | 3 |  3.2
Dodging        | 3 |  3.2
Armour         | |  0.2

Action                     |  1- 3 |  4- 6 || total
---------------------------+-------+-------++-------
  Melee: Falchion          |    71 |    38 ||   109
         Bite              |    19 |    10 ||    29
 Armour: Robe              |    10 |       ||    10
         Scale mail        |     8 |     7 ||    15
         Leather armour    |     1 |       ||     1
  Dodge: Dodged            |    41 |    12 ||    53
  Block: Orb               |     6 |     2 ||     8
